 Dungeon Crawl Stone Soup version 0.30.0-5-g1a98f26d00 (webtiles) character file.

Game seed: 14934647253747788876

7074 cheesebisquit the Grappler (level 11, -8/102 HPs)
             Began as a Ghoul Gladiator on May 11, 2023.
             Was a Believer of Makhleb.
             Mangled by an orc warrior
             ... wielding a +0 war axe
              (16 damage)
             ... in a bailey.
             The game lasted 00:33:46 (8000 turns).

cheesebisquit the Grappler (Ghoul Gladiator)        Turns: 8000, Time: 00:33:47

Health: -8/102     AC: 13    Str: 21    XL:     11   Next: 9%
Magic:  10/10      EV:  6    Int:  5    God:    Makhleb [**....]
Gold:   127        SH:  0    Dex: 10    Spells: 10/10 levels left

rFire   + .          .
                       - Unarmed
rCold   + . .        (no shield)
rNeg    + + +        I - +0 plate armour
rPois   ∞            b - +2 helmet
rElec   .            (no cloak)
rCorr   .            (no gloves)
SInv    .            (no boots)
Will    .....        f - amulet of the acrobat Stlth
                     n - ring of protection from fire
HPRegen 0.00/turn    (no ring)
MPRegen 0.12/turn

%: acrobat
@: inhibited regen, hasted, very quick
A: claws 1, cold resistance 1, negative energy resistance 3, inhibited
regeneration, torment resistance 2, devour on kill
a: Renounce Religion, Minor Destruction


You were in a bailey.
You worshipped Makhleb.
Makhleb was pleased with you.
You visited 2 branches of the dungeon, and saw 10 of its levels.
You also visited: Bailey.

You collected 567 gold pieces.
You spent 440 gold pieces at shops.

Inventory:

Missiles
 d - 7 javelins
 r - 9 atropa-tipped darts
 w - 4 datura-tipped darts
 z - 15 poisoned darts
 G - 6 boomerangs (quivered)
 H - 7 curare-tipped darts
Armour
 b - a +2 helmet (worn)
 I - a +0 plate armour (worn)
Jewellery
 f - an amulet of the acrobat (around neck)
 n - a ring of protection from fire (left claw)
Wands
 o - a wand of flame (58)
 s - a wand of roots (6)
 F - a wand of paralysis (8)
Scrolls
 e - 6 scrolls of teleportation
 g - 3 scrolls of poison
 k - 2 scrolls of fog
 l - 3 scrolls of enchant weapon
 m - 2 scrolls of summoning
 p - a scroll of acquirement {unknown}
 t - a scroll of torment {unknown}
 v - a scroll of blinking
 y - a scroll of amnesia {unknown}
 B - a scroll of fear
 D - a scroll of magic mapping {unknown}
 E - a scroll of noise {unknown}
Potions
 c - a potion of mutation
 i - 5 potions of curing
 j - 2 potions of brilliance
 u - 2 potions of berserk rage
 x - a potion of flight
 C - 3 potions of lignification


   Skills:
 + Level 11.1 Fighting
 - Level 1.7 Throwing
 - Level 2.6 Dodging
 - Level 7.2 Stealth
 + Level 13.4 Unarmed Combat


You had 10 spell levels left.
You didn't know any spells.
Your spell library contained the following spells:

 Spells                   Type           Power      Damage    Failure   Level
 Slow                     Hex            0%         N/A       100%        1
 Blink                    Tloc           0%         N/A       100%        2
 Lesser Beckoning         Tloc           0%         N/A       100%        2
 Momentum Strike          Conj/Tloc      0%         3d8       100%        2
 Confusing Touch          Hex            0%         N/A       100%        3
 Gell's Gravitas          Tloc           0%         N/A       100%        3
 Teleport Other           Tloc           0%         N/A       100%        3
 Vampiric Draining        Necr           0%         2d6       100%        3


Dungeon Overview and Level Annotations

Branches:
Dungeon (9/15)             Temple (1/1) D:7          Bailey (1/1)
   Lair: D:8-11         Orc: D:9-12

Altars:
Ashenzari
Cheibriados
Dithmenos
Fedhas
Gozag
Hepliaklqana
Kikubaaqudgha
Makhleb
Nemelex Xobeh
Okawaru
Qazlal
Ru
Sif Muna
Trog
Uskayaw
Vehumet
Wu Jian
Xom
Yredelemnul

Shops:
D:5 (   D:7 ?

Portals:
Abyss: D:8

Annotations:
D:7 3 runed translucent doors, Brutalitops's ghost, novice TrVM
D:8 2 transporters, liarliar's ghost, novice GrEE


Innate Abilities, Weirdness & Mutations

You are immune to poison.
You have sharp fingernails.
Your flesh is cold resistant. (rC+)
You are immune to negative energy. (rN+++)
You do not regenerate when monsters are visible.
You are immune to unholy pain and torment.
You thrive by killing the living.


Message History

The kobold brigand is heavily wounded.
You feel better.
The kobold brigand hits you but does no damage.
The orc warrior hits you with a +0 war axe!
* * * LOW HITPOINT WARNING * * *
You claw the kobold brigand!
You kill the kobold brigand!
Makhleb accepts your kill.
You feel better.
You completely miss the orc warrior.
The orc warrior is lightly wounded.
You barely miss the orc warrior.
The orc warrior is lightly wounded.
You scratch the orc warrior but do no damage.
The orc warrior is lightly wounded.
The orc warrior barely misses you.
The orc warrior hits you with a +0 war axe!
* * * LOW HITPOINT WARNING * * *
You feel better.
The orc warrior hits you with a +0 war axe!
* * * LOW HITPOINT WARNING * * *
The orc warrior hits you with a +0 war axe!
* * * LOW HITPOINT WARNING * * *
You feel better.
You closely miss the kobold brigand.
The orc warrior hits you with a +0 war axe.
* * * LOW HITPOINT WARNING * * *
The orc warrior hits you with a +0 war axe!
* * * LOW HITPOINT WARNING * * *
The kobold brigand hits you with a +0 war axe.
* * * LOW HITPOINT WARNING * * *
You feel better.
You feel better. The orc warrior closely misses you.
The orc warrior hits you with a +0 war axe!
* * * LOW HITPOINT WARNING * * *
The kobold brigand hits you with a +0 war axe.
* * * LOW HITPOINT WARNING * * *
You feel better. The orc warrior barely misses you.
The orc warrior hits you with a +0 war axe!
You die...

..~~.......~~....#
##~~.......~~###.#
..~~.......~~....#
#~~.......~~#####
#~.......~##
####''[####
##.....##
#∩..K..∩#
#..o8@..#
##.)oo.## ###)###
... ..... .......
.........
...........
.............


You could see 3 orc warriors and a kobold brigand.

Vanquished Creatures
  Pikel (D:7)
  An orc knight (Bailey)
  Grinder (D:4)
  Sigmund (D:2)
  A wyvern (D:9)
  13 yaks
  A steam dragon (D:7)
  Menkaure (D:6)
  2 water moccasins
  3 ice beasts
  2 sky beasts
  2 black bears
  4 orc warriors
  2 ogres (D:6)
  A lemure (D:7)
  A centaur (D:4)
  A phantom (D:4)
  9 kobold brigands
  2 bullfrogs
  3 wights (D:9)
  5 killer bees
  A howler monkey (D:5)
  2 jellies (D:4)
  3 hounds
  8 orc priests
  3 iguanas
  Natasha (thrice) (D:2)
  4 orc wizards
  7 gnolls
  6 adders
  2 shadow imps
  2 worms (D:2)
  A dart slug (D:4)
  28 orcs
  3 endoplasms
  2 giant cockroaches
  11 goblins
  7 hobgoblins
  4 jackals
  17 kobolds
  3 quokkas
  12 ball pythons
  5 bats (D:1)
  5 frilled lizards
  5 rats
  A spectral hobgoblin (D:1)
202 creatures vanquished.

Notes
Turn   | Place    | Note
-------+----------+-------------------------------------------
     0 | D:1      | cheesebisquit the Ghoul Gladiator began the quest for the
                  | Orb.
     0 | D:1      | Reached XP level 1. HP: 17/17 MP: 0/0
   134 | D:1      | Reached XP level 2. HP: 24/24 MP: 1/1
   158 | D:1      | Reached skill level 4 in Unarmed Combat
   449 | D:1      | Reached XP level 3. HP: 29/29 MP: 2/2
   471 | D:1      | Found a faded altar of an unknown god.
   899 | D:2      | Noticed Sigmund
   944 | D:2      | Reached skill level 5 in Unarmed Combat
  1011 | D:2      | Reached XP level 4. HP: 36/36 MP: 3/3
  1228 | D:2      | Identified the +0 ring mail "Lidomac" {MP+9 Str-2 Int+4
                  | SInv}
  1290 | D:2      | Noticed Natasha
  1295 | D:2      | Killed Natasha
  1296 | D:2      | Reached skill level 6 in Unarmed Combat
  1387 | D:2      | Noticed Natasha
  1397 | D:2      | Killed Natasha
  1398 | D:2      | Reached XP level 5. HP: 36/41 MP: 4/4
  1543 | D:2      | Killed Sigmund
  1544 | D:2      | Reached skill level 7 in Unarmed Combat
  1544 | D:2      | Reached XP level 6. HP: 42/48 MP: 5/5
  1561 | D:2      | Noticed Natasha
  1571 | D:2      | Killed Natasha
  1829 | D:3      | Reached skill level 8 in Unarmed Combat
  2500 | D:4      | Reached XP level 7. HP: 56/56 MP: 6/6
  2741 | D:4      | Reached skill level 9 in Unarmed Combat
  2878 | D:4      | Noticed Grinder
  2886 | D:4      | Paralysed by Grinder for 3 turns
  2900 | D:4      | Killed Grinder
  2901 | D:4      | Reached skill level 5 in Fighting
  2901 | D:4      | Reached XP level 8. HP: 68/68 MP: 7/7
  3061 | D:4      | Found Zin's Purification Station.
  3074 | D:4      | Bought a potion of curing for 90 gold pieces
  3272 | D:4      | Found a snail-covered altar of Cheibriados.
  3369 | D:5      | Entered Level 5 of the Dungeon
  3426 | D:5      | Found Ruxzajach's Weapon Emporium.
  3662 | D:5      | Reached skill level 1 in Stealth
  3748 | D:5      | Reached skill level 10 in Unarmed Combat
  3894 | D:5      | Found a shimmering blue altar of Sif Muna.
  4141 | D:5      | Found a shimmering altar of Xom.
  4406 | D:6      | Reached XP level 9. HP: 47/78 MP: 8/8
  4435 | D:6      | Noticed Menkaure
  4439 | D:6      | Killed Menkaure
  5110 | D:7      | Found a staircase to the Ecumenical Temple.
  5116 | Temple   | Entered the Ecumenical Temple
  5223 | Temple   | Became a worshipper of Makhleb the Destroyer
  5389 | D:7      | Reached skill level 5 in Stealth
  5401 | D:7      | Reached skill level 11 in Unarmed Combat
  5989 | D:7      | Found a runed translucent gate.
  5990 | D:7      | Noticed Brutalitops's ghost (novice TrVM)
  6005 | D:7      | Found a runed translucent gate.
  6006 | D:7      | Found a runed translucent gate.
  6131 | D:7      | Found Qatibb's Magic Scroll Shoppe.
  6136 | D:7      | Bought a scroll of identify for 28 gold pieces
  6136 | D:7      | Bought a scroll of identify for 28 gold pieces
  6136 | D:7      | Bought a scroll of enchant armour for 105 gold pieces
  6136 | D:7      | Bought a scroll of summoning for 133 gold pieces
  6136 | D:7      | Bought a scroll of poison for 56 gold pieces
  6177 | D:7      | Reached XP level 10. HP: 89/90 MP: 9/9
  6306 | D:7      | Noticed Pikel
  6316 | D:7      | Killed Pikel
  6510 | D:8      | Reached * piety under Makhleb
  6538 | D:8      | Reached skill level 12 in Unarmed Combat
  6703 | D:8      | Found a transporter.
  6715 | D:8      | Noticed liarliar's ghost (novice GrEE)
  6772 | D:8      | Found a transporter.
  6776 | D:8      | Noticed a purple ugly thing
  6776 | D:8      | Noticed a cyan ugly thing
  6784 | D:8      | Found a one-way gate to the infinite horrors of the Abyss.
  6807 | D:8      | Found an ornate altar of the Wu Jian Council.
  7411 | D:7      | Reached skill level 10 in Fighting
  7651 | D:8      | Found a hazy altar of Hepliaklqana.
  7652 | D:8      | Found a faded altar of an unknown god.
  7652 | D:8      | Paralysed by a kobold brigand for 4 turns
  7787 | D:9      | Found a flagged portal.
  7796 | Bailey   | Entered a bailey
  7821 | Bailey   | Reached skill level 13 in Unarmed Combat
  7830 | Bailey   | Reached ** piety under Makhleb
  7948 | Bailey   | Noticed an orc knight
  7962 | Bailey   | Reached XP level 11. HP: 101/101 MP: 10/10
  7985 | Bailey   | Killed an orc knight
  7999 | Bailey   | HP: 5/102 [orc warrior/+0 war axe (15)]
  7999 | Bailey   | HP: 2/102 [kobold brigand/+0 war axe (3)]
  8000 | Bailey   | Mangled by an orc warrior

Illustrated notes

Levels and vault maps discovered:
D:1:      co_arrival_square_in_a_square_in_a_square, layout_basic,
          dreamdust_ecumenical_altar_drowned_temple, minmay_tetromino_i4
D:2:      layout_rooms, serial_bayou, serial_bayou_ford_a,
          serial_bayou_lagoon_a, serial_bayou_pond_a, serial_bayou_pond_c,
          uniq_natasha, uniq_sigmund
D:3:      layout_loops_cross
D:4:      layout_gridville, kennysheep_slug_shrine, zin_purify, uniq_grinder
D:5:      layout_basic, marbit_many_paths, led_sif_book, serial_shops, shop
D:6:      layout_rooms, uniq_menkaure
D:7:      layout_gridville, minmay_temple_entry_fiery,
          biasface_ghost_orc_armoury, enter_ossuary_1, serial_shops, shop,
          eino_tiny_chamber, uniq_pikel
D:8:      layout_rooms, nzn_wu_jian_contemplation,
          beargit_hepliaklqana_dungeon_heroes, gammafunk_ghost_abyssal_escape,
          minmay_liquid_box
D:9:      layout_basic, enter_bailey_2, ebering_ghost_rock_garden, hex_large,
          uniq_maggie, uniq_gastronok
Temple:   nicolae_temple_superstar
Bailey:   bailey_axe_3, bailey

Skill      XL: |  1  2  3  4  5  6  7  8  9 10 11 |
---------------+----------------------------------+-----
Unarmed Combat | 4 5 6 7 8 9 10 11 13 | 13.4
Fighting       | 5 6 8 10 11 | 11.1
Stealth        | 3 6 7 |  7.2
Throwing       | |  1.7
Dodging        | |  2.6

Action                     |  1- 3 |  4- 6 |  7- 9 | 10-12 || total
---------------------------+-------+-------+-------+-------++-------
  Melee: Unarmed           |   113 |   121 |   271 |   197 ||   702
         Punch             |     3 |     1 |    18 |    12 ||    34
  Throw: Throwing net      |       |     3 |     2 |       ||     5
         Dart              |       |       |    48 |     6 ||    54
         Javelin           |       |       |    14 |     7 ||    21
         Boomerang         |       |       |       |    11 ||    11
    Use: Scroll            |     1 |     2 |    10 |     3 ||    16
         Potion            |       |       |     1 |     9 ||    10
   Stab: Held in net/web   |       |       |     2 |       ||     2
 Armour: Leather armour    |    18 |       |       |       ||    18
         Chain mail        |     3 |    30 |    74 |   106 ||   213
         Plate armour      |       |       |       |    12 ||    12
  Dodge: Dodged            |    84 |    48 |    90 |    89 ||   311
